 Dungeon Crawl Stone Soup version 0.19.1-1-g22dce08 (webtiles) character file.

110744 Naow the Severer (level 16, -2/160 HPs)
             Began as a Minotaur Berserker on Jan 20, 2017.
             Was a High Priest of Trog.
             Slain by an eight-headed hydra (11 damage)
             ... on level 3 of the Swamp.
             The game lasted 00:44:45 (30757 turns).

Naow the Severer (Minotaur Berserker)              Turns: 30757, Time: 00:44:46

Health: -2/160     AC: 26    Str: 26    XL:     16   Next: 7%
Magic:  15/15      EV: 11    Int:  6    God:    Trog [*****.]
Gold:   1647       SH:  0    Dex: 11    Spells: 0 memorised, 15 levels left

rFire  . . .     SeeInvis .     y - +3 battleaxe (elec)
rCold  . . .     Gourm    .     X - +0 plate armour
rNeg   . . .     Faith    .     (shield currently unavailable)
rPois  +         Spirit   .     (helmet restricted)
rElec  .         Reflect  .     Q - +1 cloak
rCorr  .         Harm     .     H - +2 pair of gloves
MR     ++...                    Z - +1 pair of boots
Stlth  ..........               (no amulet)
                                R - ring of poison resistance
                                g - ring of protection from magic

@: exhausted, slowed, very slow
A: retaliatory headbutt, horns 2
a: Berserk, Trog's Hand, Brothers in Arms, Burn Spellbooks, Renounce Religion


You were on level 3 of the Swamp.
You worshipped Trog.
Trog was extremely pleased with you.
You were very full.

You visited 3 branches of the dungeon, and saw 24 of its levels.

You collected 1647 gold pieces.

Inventory:

Hand Weapons
 i - a +3 executioner's axe of venom
 y - a +3 battleaxe of electrocution (weapon)
Missiles
 D - a throwing net (quivered)
Armour
 a - the +0 pair of gloves "Binuppas" {Stlth+}
   (You acquired it on level 8 of the Dungeon)

   It makes you more stealthy.
 H - a +2 pair of gloves (worn)
 K - +0 fire dragon scales
 Q - a +1 cloak (worn)
 X - a +0 plate armour (worn)
 Z - a +1 pair of boots (worn)
Jewellery
 g - a ring of protection from magic (left hand)
 o - an uncursed ring of positive energy
 p - an uncursed ring of see invisible
 I - a +4 ring of dexterity
 M - an uncursed ring of flight
 R - a ring of poison resistance (right hand)
Wands
 b - a wand of digging (4/24)
 f - a wand of flame (17/48)
 x - a wand of flame (19/48)
 O - a wand of disintegration (16/24)
 T - a wand of hasting (4/9)
Scrolls
 d - 2 scrolls of enchant armour
 k - 10 scrolls of teleportation
 m - 4 scrolls of fear
 t - 2 scrolls of magic mapping
 w - a scroll of enchant weapon
 B - 4 scrolls of recharging
 E - 5 scrolls of identify
 F - 13 scrolls of remove curse
Potions
 e - a potion of heal wounds
 h - 2 potions of berserk rage
 j - 3 potions of flight
 n - 2 potions of brilliance
 q - 2 potions of agility
 r - a potion of magic
 s - a potion of haste
 u - 6 potions of lignification
 A - 2 potions of invisibility
 G - 5 potions of might
 J - 7 potions of curing
 L - a potion of cancellation
 N - a potion of mutation
 W - a potion of resistance
Books
 z - a book of Frost

   Spells                             Type                      Level
   a - Freeze                         Ice                          1
   b - Throw Frost                    Conjuration/Ice              2
   c - Ozocubu's Armour               Charms/Ice                   3
   d - Throw Icicle                   Conjuration/Ice              4
   e - Summon Ice Beast               Ice/Summoning                4
   Trog disapproves of the use of such an item.
 C - Josirad's Tome of the Snowflakes and Unholy Rituals
   (You found it on level 4 of the Lair of Beasts)

   Spells                             Type                      Level
   a - Pain                           Necromancy                   1
   b - Throw Icicle                   Conjuration/Ice              4
   c - Bolt of Draining               Conjuration/Necromancy       5
   d - Metabolic Englaciation         Hexes/Ice                    5
   e - Dispel Undead                  Necromancy                   5
   Trog disapproves of the use of such an item.
 V - a book of Changes

   Spells                             Type                      Level
   a - Beastly Appendage              Transmutation                1
   b - Sticks to Snakes               Transmutation                2
   c - Spider Form                    Transmutation/Poison         3
   d - Ice Form                       Ice/Transmutation            4
   e - Blade Hands                    Transmutation                5
   Trog disapproves of the use of such an item.
Comestibles
 c - 19 bread rations
 l - 13 meat rations
 P - 5 slices of pizza
 U - 10 fruits
 Y - 2 beef jerkies


   Skills:
 * Level 19.0 Fighting
 - Level 20.6 Axes
 + Level 15.3 Armour
 - Level 8.4 Dodging


You had 15 spell levels left.
You didn't know any spells.

Dungeon Overview and Level Annotations

Branches:
Dungeon (14/15)            Temple (0/1) D:6            Lair (6/6) D:11
  Swamp (4/4) Lair:4        Snake (0/4) Lair:3        Slime (0/5) Lair:6
    Orc (0/2) D:11         Vaults (0/5) D:13

Altars:
Cheibriados
Makhleb
Nemelex Xobeh
Ru
Trog
Uskayaw
Yredelemnul
Zin

Shops:
D:10 [

Annotations:
D:8 exclusion: oklob plant


Innate Abilities, Weirdness & Mutations

You reflexively headbutt those who attack you in melee.
You have a pair of horns on your head.


Message History

The eight-headed hydra bites you but does no damage.
The eight-headed hydra bites you!
* * * LOW HITPOINT WARNING * * *
The eight-headed hydra bites you but does no damage. x2
The eight-headed hydra bites you.
* * * LOW HITPOINT WARNING * * *
The eight-headed hydra bites you but does no damage. x2
The eight-headed hydra closely misses you.
The bog body points at you and mumbles some strange words.
The bolt of cold hits you!
* * * LOW HITPOINT WARNING * * *
The eight-headed hydra bites you.
* * * LOW HITPOINT WARNING * * *
The eight-headed hydra bites you.
* * * LOW HITPOINT WARNING * * *
The eight-headed hydra bites you but does no damage. x2
The eight-headed hydra barely misses you.
The eight-headed hydra bites you but does no damage. x2
The eight-headed hydra bites you!
You die...

).♣♣♣.♣≈..≈≈.♣♣ ♣..≈≈≈≈♣♣
≈≈.♣.♣.♣.≈.≈.♣ ♣♣♣♣♣ ♣♣.♣≈≈≈≈♣
♣≈♣...♣....≈.♣♣♣.♣.♣♣♣≈≈....♣♣
.♣♣..).♣....♣♣....≈≈≈≈≈≈♣≈..♣
♣.♣..♣≈≈≈≈♣..≈≈...≈≈≈≈≈≈≈≈.♣♣♣♣♣♣
♣♣.≈.≈≈≈.≈≈≈.≈≈≈≈..≈≈≈.≈♣.§♣<♣≈≈♣
....÷♣≈....≈≈≈.≈≈≈§≈≈≈≈§§≈♣(.....
♣≈<.≈≈≈≈..♣≈...≈Dn≈≈÷≈≈≈≈.≈≈≈.♣.≈
≈≈.§♣≈.≈...≈....@.....≈.≈≈≈≈≈≈≈.≈
≈.≈≈..♣.........♣♣♣..≈≈≈≈≈♣≈≈≈≈.≈
≈≈≈≈≈♣♣♣...≈≈.♣♣♣ ♣♣.♣.≈..§≈....♣
≈.≈≈.♣ ♣♣.≈♣≈♣♣ ♣♣♣(≈≈..♣.)♣♣♣
≈.≈≈♣♣ ♣.≈♣≈♣ ♣♣≈♣≈≈.♣.≈≈♣ ...♣♣
♣.≈♣.♣♣♣♣♣♣♣..≈≈≈....≈♣ .(♣♣
♣♣.♣≈♣♣§♣♣.≈..≈.≈.≈≈..♣ .♣♣
♣.≈.≈..[≈.≈≈≈≈≈..≈.≈..♣ ♣♣
♣♣.≈≈≈♣)♣≈♣≈.)≈≈≈≈≈≈♣≈≈♣


You could see an eight-headed hydra and a bog body.

Vanquished Creatures
  Nikola (Swamp:1)
  A thorn hunter (Swamp:2)
  Aizul (Swamp:2)
  The ghost of alp the Brawler, a journeyman TrMo (Lair:6)
  The ghost of donomii the Envoy of Void, a journeyman FoAK of Lugonu (Lair:3)
  Snorg (Lair:6)
  A fire dragon (Lair:6)
  13 hydras
  3 centaur warriors
  A death knight (D:14)
  3 death yaks (Lair:6)
  10 alligators
  The ghost of Tagedieb the Slicer, a novice OpAs of Uskayaw (D:9)
  Urug (D:12)
  4 skeletal warriors (D:14)
  5 swamp dragons
  2 wizards
  4 shambling mangroves
  A spriggan druid (Swamp:3)
  The ghost of sheala the Thaumaturge, a novice DECj of Vehumet (D:8)
  5 hill giants
  Pikel (D:5)
  A wolf spider (Lair:6)
  An orc knight (D:12)
  3 ugly things
  A cyclops (D:13)
  2 manticores
  An elephant (Lair:2)
  A guardian serpent (Lair:6)
  7 black mambas
  5 gargoyles
  12 spiny frogs
  A kobold demonologist (D:14)
  9 rime drakes
  7 komodo dragons
  A komodo dragon (shapeshifter) (D:13)
  A tengu conjurer (D:14)
  3 trolls
  4 tyrant leeches
  A two-headed ogre (D:12)
  5 polar bears
  Grinder (D:3)
  21 hornets
  17 slime creatures
  12 bog bodies
  26 blink frogs
  15 hippogriffs
  4 dream sheep (Lair:6)
  10 spriggans
  17 wyverns
  A redback (Lair:6)
  2 shadows
  A yak (shapeshifter) (D:13)
  A vampire (D:11)
  A human (shapeshifter) (D:13)
  42 yaks
  2 hungry ghosts
  13 basilisks
  2 steam dragons (Lair:6)
  20 vampire mosquitoes
  2 mottled dragons
  18 swamp worms
  A warg (D:12)
  5 insubstantial wisps (Swamp:2)
  10 porcupines
  2 hell hounds (Lair:5)
  13 water moccasins
  16 swamp drakes
  5 orc warriors
  4 phantoms
  5 ice beasts
  6 black bears
  3 sky beasts
  4 slaves (D:5)
  An eye of draining (D:12)
  2 necrophages
  6 ogres
  5 wolves (Lair:3)
  6 centaurs
  2 big kobolds
  6 crocodiles
  The ghost of loom the Conjurer, an amateur DECj (D:3)
  17 bullfrogs
  A wyvern zombie (D:11)
  2 wyvern skeletons (D:10)
  7 scorpions
  A water moccasin skeleton (D:7)
  11 killer bees
  9 wights
  An electric eel (D:11)
  A centaur zombie (D:12)
  12 crimson imps
  A bullfrog zombie (D:10)
  6 hounds
  11 jellies
  12 orc wizards
  9 orc priests
  2 centaur skeletons
  9 iguanas
  Natasha (thrice) (D:3)
  11 worker ants
  A hound skeleton (D:4)
  2 worker ant zombies
  22 adders
  4 shadow imps
  2 white imps (D:13)
  16 oozes
  An adder zombie (D:9)
  An adder skeleton (D:4)
  2 worms
  A dart slug (D:4)
  3 leopard geckos
  50 orcs
  A ball python (D:6)
  5 bats
  4 giant cockroaches
  2 goblins
  10 hobgoblins
  11 jackals
  16 kobolds
  5 quokkas
  A frilled lizard (D:2)
  2 gnoll zombies (D:4)
  2 jackal skeletons
  A quokka zombie (D:8)
  4 rats
  4 briar patches (Swamp:2)
  2 fungi
  7 plants
767 creatures vanquished.

Vanquished Creatures (others)
  An unseen horror (D:14)
  An orc (D:11)
  A briar patch (Swamp:2)
  35 fungi
  26 plants
64 creatures vanquished.

Grand Total: 831 creatures vanquished

Notes
Turn   | Place    | Note
-------+----------+-------------------------------------------
     0 | D:1      | Naow the Minotaur Berserker began the quest for the Orb.
     0 | D:1      | Reached XP level 1. HP: 19/19 MP: 0/0
   234 | D:1      | Reached XP level 2. HP: 27/27 MP: 1/1
   465 | D:1      | Reached skill level 4 in Axes
   763 | D:2      | Reached XP level 3. HP: 22/33 MP: 2/2
  1656 | D:3      | Noticed loom's ghost (amateur DECj)
  1663 | D:3      | Killed loom's ghost
  1663 | D:3      | Reached ** piety under Trog
  1663 | D:3      | Reached skill level 5 in Axes
  1663 | D:3      | Reached XP level 4. HP: 41/41 MP: 3/3
  1729 | D:3      | Noticed Natasha
  1732 | D:3      | Killed Natasha
  1732 | D:3      | Reached XP level 5. HP: 47/47 MP: 4/4
  1743 | D:3      | Noticed Natasha
  1752 | D:3      | Killed Natasha
  1893 | D:3      | Found a bloodstained altar of Trog.
  1984 | D:3      | Noticed Natasha
  1989 | D:3      | Killed Natasha
  2093 | D:3      | Reached skill level 6 in Axes
  2112 | D:3      | Reached skill level 5 in Fighting
  2217 | D:3      | Noticed Grinder
  2224 | D:3      | Killed Grinder
  2224 | D:3      | Reached skill level 7 in Axes
  2224 | D:3      | Reached XP level 6. HP: 56/56 MP: 5/5
  2480 | D:4      | Reached skill level 5 in Armour
  2519 | D:4      | Reached XP level 7. HP: 55/62 MP: 6/6
  2671 | D:4      | Reached *** piety under Trog
  3108 | D:4      | Found a basalt altar of Yredelemnul.
  3137 | D:4      | Reached skill level 8 in Axes
  3787 | D:4      | Found a hide-covered altar of Uskayaw.
  3787 | D:4      | Found a glowing silver altar of Zin.
  3787 | D:4      | Found a sparkling altar of Nemelex Xobeh.
  3996 | D:5      | Entered Level 5 of the Dungeon
  4157 | D:5      | Noticed Pikel
  4177 | D:5      | Killed Pikel
  4177 | D:5      | Reached skill level 9 in Axes
  4177 | D:5      | Reached XP level 8. HP: 73/73 MP: 7/7
  4433 | D:5      | Reached skill level 10 in Axes
  4542 | D:6      | Found a sacrificial altar of Ru.
  4570 | D:6      | Reached **** piety under Trog
  5031 | D:6      | Reached XP level 9. HP: 80/81 MP: 8/8
  5259 | D:6      | Found a staircase to the Ecumenical Temple.
  5439 | D:6      | Found a burning altar of Makhleb.
  5439 | D:6      | Noticed an Executioner
  5663 | D:7      | Reached skill level 11 in Axes
  6241 | D:7      | Reached skill level 12 in Axes
  7021 | D:8      | Reached XP level 10. HP: 81/89 MP: 9/9
  7167 | D:8      | Noticed sheala's ghost (novice DECj)
  7190 | D:8      | Killed sheala's ghost
  7512 | D:8      | Found a snail-covered altar of Cheibriados.
  7882 | D:8      | Reached skill level 13 in Axes
  7941 | D:8      | Identified a scroll of acquirement
  7944 | D:8      | Got a pair of shimmering gloves
  7955 | D:8      | Identified the +0 pair of gloves "Binuppas" {Stlth+} (You acquired it on level 8 of the Dungeon)
  8039 | D:8      | Noticed an oklob plant
  8090 | D:8      | Reached ***** piety under Trog
  8096 | D:8      | Reached skill level 10 in Fighting
  8866 | D:9      | Noticed Tagedieb's ghost (novice OpAs)
  8890 | D:9      | Killed Tagedieb's ghost
  9025 | D:9      | Reached skill level 10 in Armour
  9464 | D:9      | Reached skill level 14 in Axes
  9596 | D:10     | Entered Level 10 of the Dungeon
  9895 | D:10     | Noticed a hill giant
  9903 | D:10     | Killed a hill giant
  9903 | D:10     | Reached XP level 11. HP: 74/101 MP: 10/10
 10357 | D:10     | Received a gift from Trog
 10527 | D:10     | Found Bugrai's Armour Shop.
 10539 | D:10     | Noticed a wizard
 10548 | D:10     | Killed a wizard
 11036 | D:11     | Reached skill level 15 in Axes
 11228 | D:11     | Found a staircase to the Orcish Mines.
 11266 | D:11     | Noticed a hill giant
 11268 | D:11     | Noticed a green ugly thing
 11278 | D:11     | Killed a hill giant
 11294 | D:11     | Killed a green ugly thing
 11878 | D:11     | Noticed a hill giant
 11886 | D:11     | Killed a hill giant
 12267 | D:11     | Found a staircase to the Lair.
 12406 | D:11     | You fall through a shaft for 2 floors!
 12439 | D:13     | Noticed a centaur warrior
 12442 | D:13     | Reached skill level 5 in Dodging
 12455 | D:13     | Killed a centaur warrior
 12872 | D:13     | Noticed a hill giant
 12881 | D:13     | Killed a hill giant
 12881 | D:13     | Reached XP level 12. HP: 112/112 MP: 11/11
 13012 | D:13     | Reached skill level 16 in Axes
 13769 | D:13     | Found a gate to the Vaults.
 14383 | D:14     | Noticed a centaur warrior
 14391 | D:14     | Killed a centaur warrior
 14713 | D:14     | Noticed a centaur warrior
 14715 | D:14     | Reached skill level 17 in Axes
 14743 | D:14     | Killed a centaur warrior
 14987 | D:14     | Noticed a death knight
 14996 | D:14     | Killed a death knight
 15416 | D:12     | Noticed a five-headed hydra
 15422 | D:12     | Killed an eight-headed hydra
 15422 | D:12     | Reached XP level 13. HP: 122/122 MP: 12/12
 16048 | D:12     | Noticed Urug
 16055 | D:12     | Received a gift from Trog
 16062 | D:12     | Killed Urug
 16062 | D:12     | Reached skill level 18 in Axes
 16830 | Lair:1   | Entered Level 1 of the Lair of Beasts
 18437 | Lair:3   | Noticed donomii's ghost (journeyman FoAK)
 18458 | Lair:3   | Killed donomii's ghost
 18781 | Lair:3   | Found a staircase to the Snake Pit.
 19385 | Lair:4   | Reached skill level 19 in Axes
 19787 | Lair:4   | Found a staircase to the Swamp.
 20033 | Lair:4   | Identified Josirad's Tome of the Snowflakes and Unholy Rituals
 20954 | Lair:5   | Reached XP level 14. HP: 122/133 MP: 13/13
 21485 | Lair:5   | Received a gift from Trog
 21891 | Lair:6   | Entered Level 6 of the Lair of Beasts
 21891 | Lair:6   | Noticed Snorg
 21892 | Lair:6   | Noticed alp's ghost (journeyman TrMo)
 21903 | Lair:6   | Killed alp's ghost
 21905 | Lair:6   | Killed Snorg
 22097 | Lair:6   | Reached skill level 20 in Axes
 22160 | Lair:6   | Reached skill level 15 in Fighting
 22802 | Lair:6   | Received a gift from Trog
 23138 | Lair:6   | Reached ****** piety under Trog
 23868 | Lair:6   | Found a staircase to the Slime Pits.
 24030 | Swamp:1  | Entered Level 1 of the Swamp
 24054 | Swamp:1  | Noticed Nikola
 24069 | Swamp:1  | Killed Nikola
 24069 | Swamp:1  | Reached XP level 15. HP: 144/144 MP: 14/14
 25141 | Swamp:1  | Received a gift from Trog
 25812 | Swamp:2  | Noticed Aizul
 25837 | Swamp:2  | Killed Aizul
 26743 | Swamp:2  | Noticed a thorn hunter
 26761 | Swamp:2  | Killed a thorn hunter
 28515 | Swamp:3  | Received a gift from Trog
 28664 | Swamp:3  | Reached skill level 15 in Armour
 30057 | Swamp:4  | Entered Level 4 of the Swamp
 30221 | Swamp:4  | Reached XP level 16. HP: 159/159 MP: 15/15
 30298 | Swamp:4  | HP: 1/159 [six-headed hydra (8)]
 30307 | Swamp:4  | HP: 7/159 [six-headed hydra (4)]
 30757 | Swamp:3  | Slain by an eight-headed hydra

Skill      XL: |  1  2  3  4  5  6  7  8  9 10 11 12 13 14 15 16 |
---------------+-------------------------------------------------+-----
Axes           | 4 5 7 9 10 12 14 15 17 19 20 | 20.6
Armour         | 3 4 5 6 7 9 10 11 13 15 | 15.3
Fighting       | 4 5 7 9 10 12 13 14 16 18 19 | 19.0
Dodging        | 5 8 |  8.4

Action                   |  1- 3 |  4- 6 |  7- 9 | 10-12 | 13-15 | 16-18 || total
-------------------------+-------+-------+-------+-------+-------+-------++-------
Melee: Hand axe          |    68 |    76 |    94 |       |       |       ||   238
       Headbutt          |     8 |    16 |    64 |   116 |   224 |     9 ||   437
       War axe           |       |       |   203 |   260 |       |       ||   463
       Battleaxe         |       |       |       |   298 |  1115 |    35 ||  1448
Invok: Berserk           |     1 |     1 |     4 |    15 |    13 |     2 ||    36
       Trog's Hand       |       |       |       |     4 |     1 |     1 ||     6
       Brothers in Arms  |       |       |       |     1 |       |       ||     1
       Burn Spellbooks   |       |       |       |       |     2 |       ||     2
  Use: Scroll            |       |       |       |    25 |     4 |     3 ||    32
       Potion            |       |       |       |     3 |       |     2 ||     5
  Eat: Chunk             |     2 |     5 |    13 |    37 |    43 |     1 ||   101
       Royal jelly       |       |       |     1 |       |     3 |       ||     4
       Beef jerky        |       |       |     1 |       |     1 |       ||     2
       Pizza             |       |       |       |     2 |     1 |       ||     3
       Meat ration       |       |       |       |     1 |     2 |     2 ||     5
Armor: Animal skin       |     3 |       |       |       |       |       ||     3
       Chain mail        |    34 |    56 |   158 |   151 |       |       ||   399
       Plate armour      |       |       |       |    86 |   646 |   133 ||   865
Dodge: Dodged            |    25 |    15 |    66 |   214 |   536 |    75 ||   931
